 Dungeon Crawl Stone Soup version 0.21.1-1-g345015f (webtiles) character file.

1283 homeworkjunkie the Cleaver (level 8, -8/70 HPs)
             Began as a Hill Orc Fighter on Feb 23, 2018.
             Splashed by a gnoll sergeant's acid (16 damage)
             ... on level 6 of the Dungeon.
             The game lasted 00:10:54 (5497 turns).

homeworkjunkie the Cleaver (Hill Orc Fighter)       Turns: 5497, Time: 00:10:56

Health: -8/70      AC: 20    Str: 20    XL:     8   Next: 54%
Magic:  8/8        EV:  4    Int:  8    God:
Gold:   294        SH: 10    Dex: 11    Spells: 7/7 levels left

rFire    . . .     SeeInvis .   a - +2 war axe
rCold    . . .     Gourm    .   c - +0 shield
rNeg     + + .     Faith    .   s - +0 plate armour
rPois    .         Spirit   .   n - +0 helmet
rElec    .         Reflect  .   (no cloak)
rCorr    .         Harm     .   i - +2 pair of gloves
MR       +....                  k - +2 pair of boots
Stlth    ..........             (no amulet)
HPRegen  0.00/turn              p - ring of positive energy
MPRegen  0.11/turn              m - ring of positive energy

@: no status effects
A: magic resistance 1, inhibited regeneration
a: no special abilities


You were on level 6 of the Dungeon.
You were not hungry.

You visited 1 branch of the dungeon, and saw 6 of its levels.
You also visited: Sewer.

You collected 294 gold pieces.

Inventory:

Hand Weapons
 a - a +2 war axe (weapon)
Armour
 c - a +0 shield (worn)
 i - a +2 pair of gloves (worn)
 k - a +2 pair of boots (worn)
 n - a +0 helmet (worn)
 s - a +0 plate armour (worn)
Jewellery
 b - an uncursed ring of flight
 m - a ring of positive energy (right hand)
 p - a ring of positive energy (left hand)
Wands
 j - a wand of enslavement (8)
 o - a wand of polymorph (2)
Scrolls
 l - 2 scrolls of remove curse
 r - 4 scrolls of identify
 t - a scroll of fear
 u - a scroll of enchant armour
 w - a scroll of immolation
Potions
 d - 3 potions of flight
 e - a potion of lignification
 g - 3 potions of curing
 h - a potion of resistance
 q - a potion of might
 v - a potion of heal wounds
Comestibles
 f - 8 rations


   Skills:
 * Level 5.8 Fighting
 * Level 9.2 Axes
 * Level 5.7 Armour
 + Level 0.7 Dodging
 + Level 0.2 Stealth
 * Level 5.7 Shields
 * Level 0.7 Evocations


You had 7 spell levels left.
You didn't know any spells.

Dungeon Overview and Level Annotations

Branches:
Dungeon (6/15)
 Temple: D:4-7

Altars:
Fedhas
Makhleb
Nemelex Xobeh
Xom


Innate Abilities, Weirdness & Mutations

You are resistant to hostile enchantments. (MR+)
You do not regenerate when monsters are visible.


Message History

You block the killer bee's attack.
The killer bee stings you but does no damage.
You slash the killer bee!
You kill the killer bee!
The gnoll returns to its original shape as it dies.
You slice the rat!!
You kill the rat!
The orc returns to its original shape as it dies.
The gnoll sergeant zaps a wand.
The bolt of acid hits you!
You are splashed with acid!
The acid burns!
It is a wand of acid (7).
You block the gnoll's attack. You block the gnoll sergeant's attack.
Things that are here:
an orc corpse; a gnoll corpse You slash the gnoll sergeant!
The gnoll sergeant is heavily wounded.
You block the gnoll's attack.
The gnoll sergeant zaps a wand.
The bolt of acid hits you!
* * * LOW HITPOINT WARNING * * *
You are splashed with acid!
The acid burns!
You die...

##################
.................#
#######.....## #.#
#......# #.#
#....(.# #@#
#......####g##
##........glg#
#.........gg#
######......#
#......#####
###........#
#........#
#........#


You could see a gnoll sergeant, an iguana and 4 gnolls.

Vanquished Creatures
  Grinder (D:4)
  A hungry ghost (D:2)
  2 ogres
  A big kobold (Sewer)
  A scorpion (D:4)
  A killer bee (D:6)
  A howler monkey (D:4)
  A crimson imp (D:6)
  A jelly (D:5)
  An orc priest (D:4)
  4 hounds
  An iron imp (D:5)
  An orc wizard (D:4)
  Terence (D:3)
  An iguana (D:6)
  2 worker ants
  A killer bee zombie (D:5)
  A gnoll (D:2)
  8 adders
  A river rat (Sewer)
  An adder skeleton (D:4)
  An adder zombie (D:5)
  5 worms
  4 dart slugs
  3 leopard geckos
  10 orcs
  3 ball pythons
  A bat skeleton (D:2)
  5 giant cockroaches
  9 goblins
  4 hobgoblins
  5 jackals
  2 quokkas (D:4)
  6 bats
  6 frilled lizards
  9 kobolds
  A leopard gecko skeleton (D:4)
  10 rats
117 creatures vanquished.

Vanquished Creatures (others)
  A worm (D:5)
1 creature vanquished.

Grand Total: 118 creatures vanquished

Notes
Turn   | Place    | Note
-------+----------+-------------------------------------------
     0 | D:1      | homeworkjunkie the Hill Orc Fighter began the quest for the Orb.
     0 | D:1      | Reached XP level 1. HP: 19/19 MP: 1/1
    79 | D:2      | Reached XP level 2. HP: 13/27 MP: 2/2
   255 | D:2      | Reached skill level 3 in Axes
   376 | D:2      | Found a sparkling altar of Nemelex Xobeh.
   470 | D:2      | Reached XP level 3. HP: 31/33 MP: 3/3
   683 | D:3      | Reached XP level 4. HP: 27/40 MP: 4/4
   858 | D:4      | Reached skill level 4 in Axes
   861 | D:4      | Noticed Grinder
   867 | D:4      | Paralysed by Grinder for 5 turns
   874 | D:4      | Reached XP level 5. HP: 22/46 MP: 5/5
   886 | D:4      | Killed Grinder
   886 | D:4      | Reached skill level 5 in Axes
   886 | D:4      | Reached XP level 6. HP: 6/53 MP: 6/6
  1025 | D:4      | Found a glowing drain.
  1045 | Sewer    | Entered a sewer
  1056 | Sewer    | Gained mutation: You do not regenerate when monsters are visible. [potion of mutation]
  1056 | Sewer    | Gained mutation: You are resistant to hostile enchantments. (MR+) [potion of mutation]
  1106 | Sewer    | Reached skill level 6 in Axes
  1124 | Sewer    | Reached skill level 5 in Fighting
  1124 | Sewer    | Reached XP level 7. HP: 45/61 MP: 7/7
  1227 | Sewer    | Found a white marble altar of Elyvilon.
  1296 | D:5      | Entered Level 5 of the Dungeon
  1516 | D:3      | Noticed Terence
  1525 | D:3      | Killed Terence
  1815 | D:3      | Found a blossoming altar of Fedhas.
  2559 | D:2      | Reached skill level 7 in Axes
  2559 | D:2      | Reached skill level 5 in Armour
  2783 | D:2      | Reached skill level 5 in Shields
  2799 | D:2      | Noticed a hungry ghost
  2802 | D:2      | Found a transporter.
  2806 | D:2      | Found a transporter.
  3442 | D:2      | Found a burning altar of Makhleb.
  3475 | D:2      | Killed a hungry ghost
  4039 | D:4      | Reached XP level 8. HP: 63/69 MP: 8/8
  4098 | D:4      | Reached skill level 8 in Axes
  4954 | D:5      | Reached skill level 9 in Axes
  4991 | D:5      | Found a shimmering altar of Xom.
  5497 | D:6      | Splashed by a gnoll sergeant's acid

Skill      XL: |  1  2  3  4  5  6  7  8 |
---------------+-------------------------+-----
Axes           | 3 4 5 6 7 9 |  9.2
Fighting       | 4 5 |  5.8
Shields        | 4 5 |  5.7
Armour         | 4 5 |  5.7
Dodging        | |  0.7
Stealth        | |  0.2
Evocations     | |  0.7

Action                   |  1- 3 |  4- 6 |  7- 9 || total
-------------------------+-------+-------+-------++-------
Melee: War axe           |    70 |    66 |   268 ||   404
Evoke: Wand              |       |       |    11 ||    11
  Use: Scroll            |     4 |     1 |    12 ||    17
       Potion            |       |     4 |     3 ||     7
  Eat: Ration            |     2 |       |     5 ||     7
       Chunk             |       |       |     3 ||     3
Armor: Scale mail        |    25 |    32 |    53 ||   110
       Plate armour      |       |       |    97 ||    97
Dodge: Dodged            |    25 |    17 |    59 ||   101
Block: Shield            |    42 |    28 |   124 ||   194
